Map: Lost and Found LE

Players

Silky

  • Race: Zerg Zerg
  • Spawn Location: 1:00

HuT - Winner!

  • Race: Terran Terran
  • Spawn Location: 7:00

Event: WCS Valencia 2018

VOD

Have the link to the VOD?

Description

Time

  • Played on: July 12, 2018, 1:46 p.m.
  • Length: 25:18

All games in this series

Show
View Real Time Build Order
Export as new Build Order

Silky Zerg 

Build Orders: Hatch First 

Get SALT Encoding   

  12  0:00  Drone  
  13  0:13  Overlord  
  13  0:17  Drone  
  14  0:32  Drone x2  
  16  0:48  Hatchery  
  15  0:51  Drone  
  15  0:54  Drone  
  17  0:57  Drone  
  18  1:08  Extractor  
  17  1:13  Spawning Pool  
  17  1:16  Drone  
  17  1:19  Drone  
  18  1:29  Drone  
  20  1:40  Drone  
  20  1:50  Overlord  
  20  1:59  Queen  
  20  2:00  Zergling x2, Queen  
  25  2:01  Zergling x2  
  25  2:08  Metabolic Boost  
  26  2:11  Drone  
  26  2:12  Drone  
  28  2:29  Hatchery  
  27  2:32  Drone  
  27  2:33  Drone  
  29  2:40  Queen  
  31  2:45  Overlord  
  31  2:48  Drone  
  32  2:52  Drone  
  32  2:58  Drone x3  
  36  3:04  Overlord  
  36  3:07  Drone  
  36  3:10  Zergling x4  
  36  3:12  Drone  
  40  3:17  Queen  
  42  3:20  Drone  
  42  3:23  Drone  
  42  3:24  Drone  
  42  3:27  Drone  
  46  3:29  Drone  
  47  3:34  Zergling x4  
  49  3:43  Drone x7  
  49  3:47  Zergling x2  
  55  3:56  Drone x2  
  55  4:00  Overlord  
  55  4:02  Spore Crawler, Queen  
  58  4:10  Spore Crawler  
  58  4:13  Overlord  
  58  4:15  Drone  
  58  4:18  Queen  
  58  4:19  Overlord  
  58  4:20  Drone x3  
  63  4:28  Evolution Chamber  
  63  4:31  Evolution Chamber  
  61  4:32  Drone x3  
  61  4:33  Zergling x2, Drone  
  66  4:38  Zergling x4  
  66  4:39  Zergling x4  
  66  4:43  Baneling Nest  
  69  4:46  Zergling x6  
  69  4:48  Queen  
  69  4:52  Overlord  
  74  4:55  Zerg Melee Weapons Level 1  
  74  5:01  Overlord  
  73  5:08  Overlord x2  
  73  5:10  Extractor  
  73  5:11  Extractor  
  73  5:12  Drone x3  
  73  5:13  Zerg Ground Armor Level 1  
  73  5:14  Overlord x2  
  74  5:21  Drone x5  
  78  5:23  Drone  
  78  5:24  Drone  
  80  5:35  Drone x4  
  81  5:36  Drone x2  
  81  5:38  Overlord  
  81  5:41  Lair  
  84  5:50  Drone x3  
  84  5:56  Drone x2  
  89  5:58  Extractor  
  89  6:00  Drone  
  89  6:05  Zergling x2  
  89  6:06  Zergling x6  
  89  6:07  Hatchery  
  89  6:09  Drone  
  89  6:10  Drone  
  94  6:25  Drone  
  95  6:26  Zergling x6  
  95  6:27  Zergling x6  
  95  6:30  Zergling x8  
  95  6:31  Zergling x6  
  108  6:36  Zergling x2  
  108  6:40  Baneling x7  
  108  6:41  Centrifical Hooks  
  108  6:42  Queen  
  108  6:44  Zergling x6  
  113  6:48  Baneling x2  
  113  6:49  Zergling x2  
  113  6:53  Zergling x2  
  115  6:56  Overlord  
  115  6:59  Drone  
  115  7:00  Zergling x12  
  122  7:01  Hydralisk Den  
  122  7:05  Baneling x7  
  121  7:09  Zergling x2  
  121  7:14  Overlord x2  
  122  7:16  Zergling x8  
  122  7:21  Zerg Ground Armor Level 2  
  126  7:23  Drone x2  
  126  7:28  Drone x7  
  126  7:29  Drone  
  135  7:31  Drone, Zerg Melee Weapons Level 2  
  135  7:41  Muscular Augments  
  135  7:43  Drone x5  
  140  7:45  Extractor x2  
  140  7:47  Zergling x2  
  139  7:52  Zergling x8  
  137  8:10  Drone x3  
  140  8:17  Hydralisk  
  140  8:18  Hydralisk x4  
  140  8:19  Infestation Pit  
  149  8:22  Overlord x3  
  149  8:23  Hatchery  
  149  8:24  Baneling  
  149  8:25  Baneling x6  
  148  8:32  Zergling x4  
  148  8:33  Zergling x2  
  148  8:34  Overlord x3  
  151  8:39  Extractor  
  150  8:41  Spore Crawler  
  150  8:42  Spore Crawler, Drone x2  
  147  8:55  Drone x3, Hive  
  146  8:56  Hydralisk x7  
  146  8:58  Extractor  
  146  9:01  Hydralisk x2  
  162  9:04  Zergling x12  
  166  9:10  Grooved Spines  
  166  9:13  Drone x3  
  166  9:15  Spore Crawler  
  168  9:18  Zergling x8  
  168  9:19  Zergling x8  
  168  9:22  Zergling x2  
  177  9:24  Overlord  
  177  9:26  Zergling x4  
  177  9:29  Hydralisk x3  
  182  9:39  Zergling x10  
  187  9:46  Hydralisk x2  
  187  9:52  Overlord x3  
  188  9:53  Spore Crawler x2  
  188  9:56  Overlord  
  188  9:58  Hydralisk x3  
  189  10:04  Drone x3  
  190  10:09  Spire  
  190  10:10  Viper  
  190  10:11  Viper  
  195  10:23  Drone x3  
  195  10:27  Zergling x4  
  200  10:31  Zerg Ground Armor Level 3  
  200  10:33  Ultralisk Cavern  
  199  10:36  Zerg Melee Weapons Level 3  
  199  10:45  Zergling x2  
  198  10:54  Overlord x2  
  194  11:04  Baneling  
  194  11:05  Baneling x14  
  194  11:07  Hatchery, Zergling x6  
  194  11:08  Zergling x6  
  194  11:10  Baneling x15  
  153  11:29  Hydralisk x8  
  155  11:34  Hydralisk x2  
  155  11:35  Hydralisk  
  153  11:40  Hatchery  
  153  11:41  Zergling x12  
  158  11:50  Chitinous Plating  
  157  11:58  Ultralisk  
  157  12:01  Zergling x16  
  168  12:07  Zergling x4  
  172  12:13  Hydralisk  
  172  12:14  Hydralisk x2  
  161  12:23  Zergling x14  
  161  12:25  Baneling x4  
  161  12:26  Baneling x10  
  161  12:31  Ultralisk  
  161  12:36  Zergling x6  
  161  12:37  Zergling x8  
  171  12:43  Ultralisk x2  
  185  12:46  Zergling x2  
  185  12:47  Zergling x12  
  185  12:51  Zergling x10  
  196  12:56  Zergling x6  
  197  12:59  Hatchery  
  197  13:01  Zergling x2  
  197  13:03  Zergling x6  
  200  13:08  Greater Spire  
  200  13:11  Zerg Missile Weapons Level 1  
  189  13:28  Viper x3  
  189  13:32  Zergling x10  
  189  13:33  Zergling x8  
  199  13:41  Overlord  
  198  13:50  Spore Crawler x2, Drone x2  
  198  13:51  Spore Crawler x2, Extractor  
  195  13:56  Zergling x10  
  195  14:02  Baneling x8  
  200  14:03  Overseer  
  200  14:14  Spine Crawler  
  199  14:17  Hatchery  
  199  14:21  Zerg Flyer Weapons Level 1  
  198  14:28  Baneling  
  198  14:29  Baneling x15  
  198  14:32  Zergling x4  
  199  14:43  Zergling x4  
  198  15:05  Corruptor x5  
  184  15:16  Spore Crawler, Spine Crawler  
  184  15:18  Drone x5  
  184  15:24  Overseer x2, Pneumatized Carapace  
  184  15:26  Overseer  
  184  15:27  Overseer x2  
  183  15:34  Drone x3  
  186  15:37  Brood Lord x5  
  196  15:43  Corruptor  
  196  15:45  Zerg Missile Weapons Level 2  
  194  16:22  Corruptor x5, Brood Lord  
  194  16:28  Hatchery  
  194  16:30  Zergling x2  
  194  16:31  Zergling x12  
  184  16:41  Drone x4  
  184  16:42  Drone x4  
  184  16:44  Zerg Flyer Weapons Level 2  
  180  16:57  Spore Crawler x2  
  180  17:00  Brood Lord x5  
  188  17:07  Corruptor x3  
  188  17:08  Corruptor  
  196  17:10  Drone x4  
  196  17:12  Extractor x2  
  196  17:13  Spore Crawler  
  196  17:14  Spore Crawler  
  196  17:15  Spore Crawler  
  193  17:29  Corruptor x2  
  187  17:37  Overseer  
  187  17:38  Overseer  
  187  17:41  Queen  
  187  17:43  Spire  
  188  17:44  Queen  
  190  17:54  Drone x3  
  190  17:55  Drone x4  
  196  18:02  Spore Crawler x2  
  196  18:04  Brood Lord x4, Spore Crawler  
  198  18:05  Spore Crawler  
  198  18:06  Overlord  
  198  18:11  Drone x3  
  200  18:13  Spine Crawler  
  194  18:55  Spine Crawler  
  194  18:56  Brood Lord x2, Spore Crawler  
  194  18:57  Zerg Flyer Armor Level 1, Overseer x3  
  194  19:01  Zerg Missile Weapons Level 3  
  186  19:07  Corruptor x6  
  182  19:17  Zergling x16  
  182  19:18  Zergling x18  
  182  19:21  Pathogen Glands  
  199  19:25  Extractor x2  
  193  19:39  Hatchery  
  190  19:54  Zerg Flyer Weapons Level 3  
  190  19:57  Corruptor x2  
  190  19:58  Corruptor x3  
  200  20:11  Hatchery  
  199  20:16  Overlord x2, Overseer  
  199  20:17  Overseer  
  198  20:35  Viper x4  
  191  20:39  Infestor x2  
  199  20:44  Hatchery  
  170  20:59  Drone x4  
  170  21:01  Drone  
  170  21:03  Drone x4  
  179  21:05  Drone x6  
  179  21:06  Drone  
  186  21:15  Brood Lord x4  
  194  21:21  Drone x3  
  194  21:22  Extractor  
  194  21:23  Extractor  
  194  21:24  Brood Lord  
  195  21:32  Brood Lord  
  186  22:04  Hatchery  
  186  22:06  Corruptor x5  
  183  22:10  Drone x4  
  187  22:23  Overseer  
  187  22:24  Overseer  
  187  22:36  Infestor x3  
  193  22:49  Extractor  
  192  22:52  Zergling x4  
  192  22:53  Spine Crawler, Zergling x6  
  192  22:54  Spine Crawler  
  192  22:55  Corruptor x2  
  192  22:57  Spore Crawler  
  198  23:01  Queen  
  198  23:05  Hatchery  
  199  23:31  Spore Crawler x3  
  199  23:32  Spore Crawler  
  199  23:33  Spore Crawler, Burrow, Drone x5  
  199  23:34  Spore Crawler  
  197  23:44  Drone x3  
  197  23:47  Spine Crawler  
  199  23:48  Spore Crawler x2  
  199  23:49  Spore Crawler x3, Spine Crawler  
  180  23:58  Drone x3  
  180  24:08  Drone x2  
  181  24:14  Extractor, Drone x4  
  181  24:16  Zergling x2  
  184  24:17  Extractor, Zergling x18  
  192  24:28  Overseer  
  185  24:42  Overlord x5  
  156  24:54  Unknown x4  
  156  24:55  Overlord  
  156  24:56  Overlord x2  
  128  25:00  Overlord  
Show
View Real Time Build Order
Export as new Build Order

HuT Terran - Winner!

Build Orders: Gas First Reaper Expand, Liberator Opening, Reaper Expand, Bio Tank, Mech 

Get SALT Encoding   

  12  0:00  SCV  
  13  0:12  SCV  
  14  0:16  Supply Depot  
  14  0:25  SCV  
  15  0:31  Refinery  
  15  0:38  SCV  
  16  0:44  Barracks  
  16  0:50  SCV  
  17  1:02  SCV  
  18  1:14  SCV  
  19  1:31  Orbital Command, Reaper  
  20  1:41  Command Center  
  20  1:52  Factory  
  20  1:56  SCV  
  21  2:04  Supply Depot  
  21  2:07  Barracks Reactor  
  21  2:10  SCV  
  22  2:15  Refinery  
  22  2:22  SCV  
  23  2:34  SCV  
  24  2:44  Starport  
  24  2:49  SCV  
  25  2:52  Barracks Tech Lab, Hellion x2  
  25  2:55  Orbital Command  
  29  3:01  SCV  
  30  3:13  SCV  
  30  3:15  Hellion x2  
  35  3:21  SCV  
  35  3:25  SCV  
  37  3:28  Supply Depot, Viking  
  38  3:34  SCV  
  38  3:36  Hellion  
  41  3:43  Liberator  
  41  3:44  SCV  
  41  3:46  Barracks Tech Lab, SCV  
  41  3:56  SCV, Hellion  
  41  3:57  Hellion  
  41  3:59  SCV  
  50  4:09  Supply Depot  
  50  4:11  SCV x2  
  50  4:12  Stimpack  
  50  4:15  Marine  
  53  4:23  SCV  
  54  4:31  SCV  
  55  4:35  Command Center  
  55  4:38  Supply Depot  
  55  4:39  SCV  
  55  4:43  SCV  
  57  4:46  Barracks x2  
  57  4:52  Starport Reactor, SCV  
  58  4:53  Engineering Bay  
  58  4:54  Engineering Bay  
  58  4:55  SCV  
  58  4:59  Marine  
  60  5:00  Siege Tank  
  60  5:05  SCV  
  63  5:09  Refinery x2  
  63  5:15  SCV  
  63  5:17  Supply Depot, SCV  
  65  5:21  Terran Infantry Weapons Level 1, Terran Infantry Armor Level 1  
  65  5:27  Marine  
  66  5:31  SCV x2  
  68  5:38  Starport Reactor  
  65  5:43  SCV x2  
  65  5:44  Marine x2  
  65  5:45  Marine  
  65  5:47  Barracks  
  65  5:48  Barracks  
  70  5:51  Orbital Command  
  70  5:55  SCV x2  
  72  5:57  Siege Tank  
  72  5:58  Supply Depot  
  72  5:59  Marine x2  
  72  6:02  Marine  
  72  6:03  Marine  
  79  6:07  SCV  
  79  6:10  SCV  
  81  6:16  Combat Shield  
  81  6:17  Medivac  
  81  6:18  Orbital Command  
  83  6:19  SCV  
  83  6:22  SCV, Medivac  
  87  6:28  Supply Depot  
  87  6:29  Supply Depot  
  87  6:31  Supply Depot  
  87  6:32  Supply Depot, SCV  
  88  6:35  Barracks Reactor  
  88  6:36  Barracks Reactor  
  88  6:44  SCV x3  
  91  6:50  Supply Depot, Marine x3  
  94  6:56  SCV  
  94  6:59  SCV x2  
  97  7:02  Supply Depot x2  
  97  7:03  Armory  
  97  7:05  Supply Depot  
  95  7:08  SCV  
  95  7:11  SCV x2, Factory  
  95  7:13  Factory  
  95  7:14  Medivac  
  100  7:22  Refinery  
  100  7:23  Marine x6  
  100  7:24  Refinery  
  100  7:27  Marine x3  
  107  7:31  Siege Tank  
  110  7:37  Medivac  
  110  7:41  Marine x5  
  117  7:44  Medivac  
  117  7:48  Supply Depot  
  117  7:51  Supply Depot  
  119  7:57  Terran Infantry Weapons Level 2  
  119  8:02  Marine x2  
  109  8:07  Marine x7  
  109  8:09  Factory Tech Lab  
  109  8:10  Factory Tech Lab  
  109  8:12  Terran Infantry Armor Level 2  
  106  8:13  Terran Vehicle And Ship Armor Level 1  
  106  8:20  Marine x2  
  106  8:25  Marine x7  
  106  8:26  Supply Depot  
  115  8:27  Siege Tank, Supply Depot  
  115  8:29  Siege Tank  
  121  8:35  Siege Tank  
  121  8:37  Marine  
  121  8:38  Marine  
  126  8:43  Marine x6  
  126  8:48  Marine  
  132  8:55  Marine x2  
  132  9:00  Siege Tank  
  132  9:01  Marine  
  137  9:03  Command Center  
  137  9:14  Siege Tank x2, Marine x2  
  145  9:18  Marine  
  146  9:24  Marine  
  146  9:25  Marine  
  144  9:32  Siege Tank, Marine x3  
  148  9:43  Marine x4  
  152  9:46  Siege Tank x2  
  158  9:55  Marine x2  
  158  9:56  Marine  
  159  10:04  Siege Tank  
  159  10:06  Marine x2  
  159  10:07  Marine x4  
  152  10:11  Medivac x2  
  152  10:13  Marine x2  
  162  10:18  Siege Tank x2  
  162  10:19  Marine  
  169  10:24  Marine x4  
  173  10:31  Marine x2  
  175  10:36  Siege Tank  
  178  10:43  Marine  
  178  10:44  Marine x6  
  178  10:48  Marine  
  178  10:49  Marine  
  187  10:50  Siege Tank x2  
  193  11:01  Marine  
  193  11:02  Marine x5  
  198  11:13  Supply Depot  
  173  11:25  Marine  
  173  11:29  Marine x8  
  173  11:31  Siege Tank x3  
  144  11:42  Planetary Fortress  
  144  11:43  Marine  
  144  11:46  Supply Depot  
  142  11:47  Marine x7  
  142  11:50  Barracks x2  
  142  11:51  Barracks  
  142  11:52  Terran Infantry Weapons Level 3  
  149  11:55  SCV x3  
  152  12:07  SCV  
  152  12:08  Ghost Academy, Marine x2  
  155  12:10  SCV x2  
  155  12:12  Command Center  
  155  12:13  Terran Vehicle And Ship Armor Level 2  
  157  12:19  SCV  
  146  12:25  Marine  
  146  12:26  Marine x8  
  152  12:31  Siege Tank  
  152  12:32  Siege Tank  
  158  12:40  Sensor Tower  
  158  12:41  Barracks Tech Lab x2  
  158  12:43  Barracks Tech Lab, Marine x5  
  158  12:44  Marine x3  
  165  12:45  Sensor Tower  
  165  12:48  Terran Infantry Armor Level 3  
  165  12:51  Marine  
  162  13:00  Medivac x2  
  162  13:01  Marine x8  
  162  13:03  Concussive Shells  
  162  13:04  Marauder  
  162  13:05  Marine  
  171  13:09  Personal Cloaking, Marine  
  171  13:12  Refinery  
  172  13:13  Refinery  
  172  13:18  Supply Depot  
  172  13:20  Bunker, Marine  
  172  13:23  Supply Depot  
  166  13:27  Marine x2  
  166  13:33  Siege Tank  
  166  13:34  Siege Tank x2  
  151  13:39  Ghost x2  
  155  13:48  Ghost x2  
  155  13:50  Marine x5  
  162  14:07  Ghost x2  
  166  14:14  Marine x7  
  166  14:15  Marine  
  166  14:16  Ghost x2  
  178  14:24  Supply Depot  
  178  14:26  Supply Depot  
  178  14:28  Supply Depot  
  178  14:36  Ghost x2  
  176  14:45  Ghost x2  
  175  14:49  Terran Vehicle And Ship Armor Level 3  
  175  14:50  Refinery  
  177  14:54  Refinery  
  175  15:04  Ghost  
  167  15:15  Ghost  
  167  15:16  Marine, Ghost  
  167  15:17  Barracks Tech Lab  
  168  15:24  Planetary Fortress  
  168  15:27  Marine x5  
  168  15:28  Marine x2  
  174  15:33  Ghost  
  174  15:34  Marine  
  177  15:41  Ghost  
  179  15:44  Missile Turret, Marine, Ghost  
  182  15:53  Hi-Sec Auto Tracking  
  182  15:55  Marine x4  
  182  15:56  Marine  
  187  16:01  Missile Turret, Ghost  
  187  16:02  Missile Turret  
  169  16:12  Medivac  
  169  16:13  Medivac  
  169  16:15  Starport  
  169  16:18  Starport  
  173  16:21  Ghost  
  173  16:23  Marine x4  
  177  16:34  Ghost x2  
  180  16:44  Ghost  
  182  16:47  Command Center  
  182  16:50  Marine x3, Ghost  
  187  16:58  Medivac x2  
  191  17:11  Starport Reactor, Starport Tech Lab  
  191  17:12  Fusion Core  
  191  17:15  Ghost  
  188  17:35  Refinery x2  
  188  17:39  Command Center  
  188  17:40  Command Center  
  188  17:42  Command Center  
  188  17:47  Orbital Command  
  188  17:51  Supply Depot  
  188  17:52  Command Center  
  188  18:02  Ghost x2  
  179  18:07  Missile Turret  
  179  18:12  Ghost  
  179  18:16  Medivac x3  
  182  18:32  Ghost x3  
  182  18:33  Marine x4  
  188  18:37  Marine x2  
  177  18:46  Nuke  
  172  19:05  Viking x4  
  177  19:18  Unknown x5  
  177  19:22  Ghost x2  
  177  19:23  Ghost x2  
  184  19:35  Viking  
  185  19:49  Ghost Academy  
  185  19:52  Ghost Academy  
  185  19:53  Ghost Academy  
  185  20:00  Refinery  
  185  20:25  Ghost x4  
  191  20:47  Marine x2  
  178  20:53  Ghost x4  
  178  20:56  Refinery, Planetary Fortress  
  186  20:57  Refinery, Marine x6  
  192  21:04  Command Center  
  192  21:05  Marine x2  
  192  21:11  Missile Turret x2  
  194  21:32  Marauder, Marine x4  
  200  22:08  Planetary Fortress  
  185  22:09  Missile Turret  
  171  22:20  Nuke x3  
  159  22:30  Viking x3  
  159  22:31  Marauder x2, Marine, Viking  
  159  22:32  Marauder x2, Marine x7  
  183  22:49  Marine x2  
  183  22:50  Marine x6  
  191  22:53  Marauder x4  
  199  23:05  Missile Turret  
  199  23:06  Missile Turret  
  199  23:07  Marine  
  200  23:18  Advanced Ballistics  
  198  24:00  Missile Turret  
  198  24:04  Missile Turret  
  198  24:06  Nuke x3  
  198  24:08  Nuke  
  195  24:11  Marauder x3  
  198  24:41  Unknown x9  
  198  24:42  Unknown x3  
Tags
 
Add a new tag
Caveats
  • Supply blocks, unpowered buildings, or Contaminate may cause inaccurate times.
  • Supply counts are checked every 10 seconds.